 Dungeon Crawl Stone Soup version 0.25-a0-566-g062765be81 (webtiles) character file.

Game seed: 4419626944981782925, levelgen mode: deterministic

558 Flugslaktarn the Chopper (level 7, 0/64 HPs)
             Began as a Deep Dwarf Fighter on Feb 28, 2020.
             Slain by a troll (5 damage)
             ... on level 5 of the Dungeon.
             The game lasted 00:01:21 (1634 turns).

Flugslaktarn the Chopper (Deep Dwarf Fighter)       Turns: 1634, Time: 00:01:21

Health: 0/64       AC: 11    Str: 21    XL:     7   Next: 9%
Magic:  4/4        EV:  5    Int:  9    God:
Gold:   166        SH: 10    Dex: 12    Spells: 6/6 levels left

rFire    . . .     SeeInvis .   a - +0 war axe
rCold    . . .     Gourm    .   c - +0 kite shield
rNeg     . . .     Faith    .   q - +0 chain mail
rPois    .         Spirit   .   (no helmet)
rElec    .         Reflect  .   (no cloak)
rCorr    .         Harm     .   k - +0 pair of gloves
MR       +....                  (no boots)
Stlth    ..........             (no amulet)
HPRegen  0.00/turn              (no ring)
MPRegen  0.09/turn              (no ring)

@: non-regenerating
A: damage resistance, heal wounds, sense surroundings 1, no regeneration
a: Heal Wounds


You were on level 5 of the Dungeon.
You were not hungry.

You visited 1 branch of the dungeon, and saw 5 of its levels.

You collected 166 gold pieces.

Inventory:

Hand Weapons
 a - a +0 war axe (weapon)
Armour
 c - a +0 kite shield (worn)
 k - a +0 pair of gloves (worn)
   (You found it on level 5 of the Dungeon)
 q - a +0 chain mail (worn)
   (You found it on level 5 of the Dungeon)
Scrolls
 g - 3 scrolls of identify {unknown}
 h - 2 scrolls of remove curse {unknown}
 i - a scroll of enchant weapon {unknown}
 m - a scroll of teleportation {unknown}
 n - a scroll of fear {unknown}
 p - a scroll of immolation {unknown}
Potions
 d - a potion of might
 f - 3 potions of stabbing {unknown}
 j - 2 potions of curing {unknown}
 l - a potion of brilliance {unknown}
 o - a potion of mutation {unknown}
 r - a potion of heal wounds {unknown}
Comestibles
 b - 11 chunks of flesh
 e - a ration


   Skills:
 + Level 4.1 Fighting
 * Level 5.6 Axes
 + Level 4.9 Armour
 + Level 4.9 Shields


You had 6 spell levels left.
You didn't know any spells.
Your spell library was empty.

Dungeon Overview and Level Annotations

Branches:
Dungeon (5/15)             Temple (0/1) D:5

Altars:
Dithmenos
Qazlal
Ru
Uskayaw
Vehumet


Innate Abilities, Weirdness & Mutations

You are resistant to damage.
You can heal yourself by infusing magical energy.
You passively map a small area around you.
You do not regenerate.


Message History

The troll is lightly wounded.
The troll bites you but does no damage. You block the troll's attack. x2
Your shield prevents you from hitting the troll.
The troll is lightly wounded.
The troll bites you but does no damage. The troll completely misses you.
The troll claws you!
You barely miss the troll.
The troll is lightly wounded.
The troll bites you!
* * * LOW HITPOINT WARNING * * *
The troll claws you but does no damage. The troll claws you!
* * * LOW HITPOINT WARNING * * *
You closely miss the troll.
The troll is lightly wounded.
The troll bites you but does no damage. The troll claws you.
* * * LOW HITPOINT WARNING * * *
The troll claws you.
* * * LOW HITPOINT WARNING * * *
The troll bites you!
You die...

########*#.# ***
#.....# #.# * ,
#.###.# #.# , ,
#.###.# #.# * ,
...##.####.#####
*,*
...............#
**
...#######..####
#.## #..#######*
#.# #....JT@.# #.#
** #..#####.# ,
#.. ,
###...####... ,
### ,
#..........#... ,*
,#....#...##..#.##
*
#..#....#.#..#.*.#
#. #.#..*....#.#,#
#, #..##,!..#..#
*#.., >.....#


You could see a troll and a jelly.

Vanquished Creatures
  A phantom (D:4)
  Blork the orc (D:4)
  A scorpion (D:4)
  A howler monkey (D:4)
  A hound (D:4)
  2 orc wizards
  An iguana (D:5)
  5 worker ants
  A hound skeleton (D:5)
  3 adders (D:4)
  An ooze (D:4)
  2 dart slugs
  A leopard gecko (D:2)
  4 orcs
  A ball python (D:4)
  2 giant cockroaches (D:4)
  3 goblins
  2 hobgoblins (D:1)
  2 jackals (D:4)
  A kobold (D:2)
  3 quokkas
  2 bats
  3 frilled lizards
  A jackal skeleton (D:4)
  A leopard gecko skeleton (D:4)
  A quokka skeleton (D:4)
  A rat (D:2)
48 creatures vanquished.

Notes
Turn   | Place    | Note
-------+----------+-------------------------------------------
     0 | D:1      | Flugslaktarn the Deep Dwarf Fighter began the quest for the
                  | Orb.
     0 | D:1      | Reached XP level 1. HP: 20/20 MP: 1/1
   261 | D:2      | Reached XP level 2. HP: 22/27 MP: 2/2
   420 | D:2      | Found a hide-covered altar of Uskayaw.
   420 | D:2      | Noticed a +0 dagger
   420 | D:2      | Noticed a +0 hand axe
   588 | D:4      | Reached skill level 3 in Axes
   588 | D:4      | Reached XP level 3. HP: 16/34 MP: 2/2
   621 | D:4      | Reached XP level 4. HP: 42/42 MP: 2/2
   694 | D:4      | Found a sacrificial altar of Ru.
   807 | D:4      | Noticed Blork the orc
   815 | D:4      | Killed Blork the orc
   815 | D:4      | Reached skill level 4 in Axes
   815 | D:4      | Reached XP level 5. HP: 35/49 MP: 3/3
   818 | D:4      | Found a stormy altar of Qazlal.
  1212 | D:4      | Reached XP level 6. HP: 53/56 MP: 4/4
  1255 | D:4      | Reached skill level 5 in Axes
  1428 | D:5      | Entered Level 5 of the Dungeon
  1481 | D:5      | Reached XP level 7. HP: 52/64 MP: 5/5
  1482 | D:5      | Found a radiant altar of Vehumet.
  1563 | D:5      | Found a shadowy altar of Dithmenos.
  1605 | D:5      | Found a staircase to the Ecumenical Temple.
  1606 | D:5      | Noticed a troll
  1634 | D:5      | Slain by a troll

Levels and vault maps discovered:
D:1:      ncdulo_smallfort, layout_basic, chequers_decorated_corner
D:2:      layout_basic, dancing_weapons_uskayaw
D:3:      layout_loops_cross, lemuel_crystal_altar, minitemple, first_ration,
          ebering_ghost_sewer_d
D:4:      minmay_thinvault, layout_basic, nicolae_overflow_crystal_walls,
          nicolae_qazlal_eye_of_the_storm, uniq_blork_the_orc
D:5:      layout_loops_ring, old_standard_altar, lemuel_round_altar,
          minmay_temple_entry_mini_moons, basic_altar, serial_shops,
          nicolae_shop_waterfront, gammafunk_ghost_cemetery, goddamned_bats

Skill      XL: |  1  2  3  4  5  6 |
---------------+-------------------+-----
Fighting       | 3 4 |  4.1
Axes           | 3 4 5 |  5.6
Armour         | 4 |  4.9
Shields        | 4 |  4.9

Action                   |  1- 3 |  4- 6 |  7- 9 || total
-------------------------+-------+-------+-------++-------
Melee: War axe           |    60 |   147 |    31 ||   238
 Abil: Heal Wounds       |     2 |     3 |     6 ||    11
  Eat: Chunk             |       |     2 |     1 ||     3
Armor: Scale mail        |    25 |    58 |       ||    83
       Chain mail        |       |       |    26 ||    26
Dodge: Dodged            |    24 |    39 |     9 ||    72
Block: Kite shield       |    35 |    78 |    27 ||   140

Table legend:
 A = Non-vault XP
 B = Vault XP
 C = Vault XP percentage of total XP
 D = Non-vault monster count
 E = Vault monster count
 F = Vault count percentage of total count
                 A         B        C        D         E       F
            +---------+---------+-------+---------+---------+-------
      Total |     360 |     438 |  54.9 |      36 |      12 |  25.0
            +---------+---------+-------+---------+---------+-------
        D:1 |       9 |       0 |   0.0 |       5 |       0 |   0.0
        D:2 |      13 |       0 |   0.0 |       8 |       0 |   0.0
        D:3 |       4 |       0 |   0.0 |       1 |       0 |   0.0
        D:4 |     196 |     438 |  69.1 |      13 |      12 |  48.0
        D:5 |     138 |       0 |   0.0 |       9 |       0 |   0.0
            +---------+---------+-------+---------+---------+-------
